 Dungeon Crawl Stone Soup version 0.28.0 (webtiles) character file.

Game seed: 10886907021554920029

1 SnakkuSnakku7 the Grasshopper (level 1, 0/12 HPs)
             Began as a Kobold Warper on Feb 9, 2022.
             Slain by an adder (4 damage)
             ... on level 2 of the Dungeon.
             The game lasted 00:00:17 (41 turns).

SnakkuSnakku7 the Grasshopper (Kobold Warper)         Turns: 41, Time: 00:00:17

Health: 0/12       AC:  4    Str:  8    XL:     1   Next: 22%
Magic:  3/3        EV: 14    Int: 14    God:
Gold:   0          SH:  0    Dex: 14    Spells: 4/4 levels left

rFire   . . .      SeeInvis .   a - +0 mace
rCold   . . .      Faith    .   (no shield)
rNeg    . . .      Spirit   .   b - +0 leather armour
rPois   .          Reflect  .   (no helmet)
rElec   .          Harm     .   (no cloak)
rCorr   .          Rampage  .   (no gloves)
Will    .....                   e - +0 pair of boots
Stlth   ++........              (no amulet)
HPRegen 0.04/turn               (no ring)
MPRegen 0.08/turn               (no ring)

@: no status effects
A: small, no large weapons, nightstalker 3
a: no special abilities


You were on level 2 of the Dungeon.
You visited 1 branch of the dungeon, and saw 2 of its levels.

Inventory:

Hand Weapons
 a - a +0 mace (weapon)
Missiles
 d - 5 boomerangs of dispersal (quivered)
Armour
 b - a +0 leather armour (worn)
 e - a +0 pair of boots (worn)
Scrolls
 c - a scroll of blinking


   Skills:
 - Level 2.1 Fighting
 + Level 1.9 Maces & Flails
 - Level 1.1 Throwing
 - Level 0.7 Armour
 - Level 2.4 Dodging
 - Level 2.1 Spellcasting
 - Level 3.0 Translocations


You had 4 spell levels left.
You didn't know any spells.
Your spell library contained the following spells:

 Spells                   Type           Power      Damage    Failure   Level
 Blink                    Tloc           18%        N/A       14%         2
 Gell's Gravitas          Tloc           9%         N/A       28%         3
 Lesser Beckoning         Tloc           9%         N/A       28%         3
 Teleport Other           Tloc           9%         N/A       28%         3
 Manifold Assault         Tloc           9%         N/A       95%         5


Dungeon Overview and Level Annotations

Branches:
Dungeon (2/15)

Altars:


Innate Abilities, Weirdness & Mutations

You are small and have problems with some larger weapons.
You are completely attuned to the shadows.


Message History

No target in view!
A frilled lizard comes into view.
Found two stone staircases leading down.
You see here a bat corpse.
A frilled lizard is nearby!
A frilled lizard is nearby!
Found a book of Callings.
The frilled lizard hisses angrily.
You hear an angry hiss.
A frilled lizard comes into view.
The frilled lizard barely misses you.
A kobold comes into view. It is wielding a +0 short sword.
You closely miss the frilled lizard.
The frilled lizard completely misses you.
The frilled lizard bites you but does no damage.
You miss the frilled lizard. The frilled lizard misses you.
A goblin comes into view. It is wielding a +0 club.
The frilled lizard bites you.
You barely miss the frilled lizard. The frilled lizard barely misses you.
The frilled lizard misses you. The kobold misses you.
You miss the frilled lizard. The frilled lizard misses you.
The frilled lizard bites you. The kobold barely misses you.
You closely miss the frilled lizard. The frilled lizard bites you.
The frilled lizard closely misses you.
The kobold hits you with a +0 short sword.
The frilled lizard closely misses you.
The frilled lizard bites you but does no damage.
The goblin misses you.
Unknown command.
The frilled lizard misses you.
The kobold throws a stone.
The stone barely misses you.
You see here a bat corpse.
There is a stone staircase leading down here.
The frilled lizard barely misses you.
You climb downwards.
The adder hisses angrily.
There is a stone staircase leading up here.
The adder bites you but does no damage. The adder barely misses you.
The adder bites you.
You die...

.. #.# ######.#
....<#.#
#......########
#.###..l.S@...#
# #.######.##
#.# # #.# #.


You could see an adder and a frilled lizard.

Vanquished Creatures
  A bat (D:1)
1 creature vanquished.

Notes
Turn   | Place    | Note
-------+----------+-------------------------------------------
     0 | D:1      | SnakkuSnakku7 the Kobold Warper began the quest for the
                  | Orb.
     0 | D:1      | Reached XP level 1. HP: 12/12 MP: 3/3
    41 | D:2      | Slain by an adder

Illustrated notes

Levels and vault maps discovered:
D:1:      tarquinn_simple_flora_water_a, layout_rooms, basic_ecumenical_altar
D:2:      layout_basic, serial_shops, shop

Action                   || total
-------------------------++-------
Melee: Mace              ||     7
 Stab: Sleeping          ||     1
Armor: Leather armour    ||     3
Dodge: Dodged            ||    17
